woodfighter, chaotic female giant Ranger ----- --------- ------- ----...--|..|-...---- --.....| |........|..|.....`.---..``.-- |...)..))>............`...`.| |.----.------..``.---...```-- |.| |.| --....| --.....| |.| |%--- ------ |-----| |.----...| |.....|-- |.`@m`...| |.....+.| |...|...-------------|.....|-| ----|....^^^^^^^^^^^.+..(..+.| -----------------|.....|-| |.....+.| |.....|-- ------- woodfighter the Ranger Experience level: 7 Strength: 24 Dexterity: 11 Constitution: 17 Intelligence: 14 Wisdom: 14 Charisma: 7 Health: 0(40) Energy: 33(33) Def: 18 Gold: 0 Moves: 8613 Dungeon seed [set]: Game ID: woodfighter_1678474585 Your Inventory: Weapons a - an uncursed +0 orcish bow (weapon in hand) d - a blessed +3 arrow (in quiver) h - 6 uncursed +0 ya t - an uncursed +2 sling O - 18 blessed +1 arrows R - 100 uncursed +0 arrows U - 14 blessed +0 arrows Armor g - an uncursed +0 pair of high boots (being worn) N - an uncursed +2 dented pot (being worn) Y - an uncursed rusty +1 large shield (being worn) Comestibles b - 5 uncursed cram rations z - an uncursed tin of lichen E - 10 uncursed food rations S - 2 uncursed tins of goblin meat Rings i - a cursed -1 ring of increase damage Wands G - an uncursed wand of secret door detection (0:11) Tools s - an uncursed sack Gems e - 10 uncursed flints Boulders/Statues l - an uncursed boulder n - an uncursed boulder r - an uncursed boulder L - an uncursed boulder X - an uncursed boulder Contents of the sack: 2 uncursed food rations a [blessed] potion of sickness a [uncursed] ring of cold resistance an uncursed ring of conflict an uncursed [-1] ring of increase accuracy a cursed ring of polymorph a [uncursed] ring of polymorph control a [uncursed] wand of digging [0:5] a [uncursed] wand of fire [0:7] Spells and supernatural/magical abilities: Name Level Category Fail Memory W - pray for help -- divine ? -- Your skills at the end: Miscellaneous Skills shield [Skilled] wands [Basic] Weapon Skills two-handed sword [Basic] bow [Skilled] sling [Basic] Spellcasting Skills Final Attributes: You were devoutly aligned. Your writing hand was ok. You had automatic searching. You had infravision. You were somewhat stealthy. You were held by a giant mimic. You are dead. Vanquished creatures: 2 giant beetles 2 housecats a dust vortex a bugbear 4 Uruk-hai a rock piercer 4 ponies a fog cloud a shrieker a gnome lord a red naga hatchling a golden naga hatchling a floating eye 2 kittens a kobold lord 2 iguanas 2 hill orcs 4 rothes a centipede 2 jitterbugs a giant bat a monkey an orc zombie a dwarf zombie a wererat 2 coyotes 2 gas spores 2 hobbits 3 geckos a giant rat 2 cave spiders a brown mold 3 yellow molds a red mold a gnome 24 garter snakes a gnome zombie 9 jackals a kobold 4 newts a goblin a sewer rat 7 grid bugs 4 bats 4 lichens 5 kobold zombies 119 creatures vanquished. Voluntary challenges: You did not adorn yourself with jewelry or accessories. You did not cause conflict. You were not invisible. You did not have reflection. You were not displaced. You had been an atheist until turn 3975. You did not donate to any temples.. You never hit with a wielded weapon. You did not apply a unicorn horn. You did not use plumbed fixtures. You did not drink any magical draughts. You read items or engraved 2 times, starting on turn 2715. You never genocided any monsters. You never polymorphed an object. You never changed form. You used no wishes. You did not use any artifacts. You never split a pudding. You never wrote Elbereth's name. You never violated your personal moral code. You enabled loading special bones files. Dungeon overview: The Dungeons of Doom: levels 1 to 6 Level 1 (box) a long staircase Level 2 (water) a fountain Level 3 (stash) a potion shop Level 4 a vault stairs to The Gnomish Mines Level 5 many fountains Level 6 an altar to Mercury stairs to Sokoban The Gnomish Mines: Level 5 stairs to The Dungeons of Doom Sokoban: levels 2 to 5 Level 2 <- You were here a magic chest Level 3 Level 4 Level 5 a magic chest stairs to The Dungeons of Doom History has recorded: On T:1 you entered the Dungeons of Doom to retrieve the Amulet of Yendor! On T:391 you reached level 2 of The Dungeons of Doom. On T:590 you reached level 3 of The Dungeons of Doom. On T:624 you advanced to experience level 2. On T:1244 you advanced to experience level 3. On T:1382 you reached level 4 of The Dungeons of Doom. On T:2007 you reached level 5 of The Dungeons of Doom. On T:2028 you advanced to experience level 4. On T:2918 you reached level 1 of The Gnomish Mines. On T:3652 you advanced to experience level 5. On T:3707 you reached level 6 of The Dungeons of Doom. On T:4035 you reached level 4 of Sokoban. On T:4401 you opened a magic chest. On T:4487 you advanced to experience level 6. On T:6285 you reached level 3 of Sokoban. On T:6694 you reached level 2 of Sokoban. On T:7977 you reached level 1 of Sokoban. On T:8023 you advanced to experience level 7. Score breakdown: Gold: 0 ( 0 points) Experience: 7 levels ( 600 points) Exploration: 6 levels ( 150 points) Discoveries: 16 items ( 800 points) Variety of kills: 46 monsters ( 2000 points) Major goal: (nothing yet) ( 0 points) Survival: died (score multiplied by 3) Total score: 10650 Latest messages: With little effort you move the boulder. You see here a dart. With little effort you move the boulder. The boulder falls into and plugs a hole in the floor! You see here a kobold corpse. With little effort you move the boulder. The boulder falls into and plugs a hole in the floor! You see here a kobold corpse. You see here 4 darts. You hear a sound reminiscent of a seal barking. With little effort you move the boulder. Wait! That's a giant mimic! The arrow hits the giant mimic! The giant mimic claws you! (2x) The arrow hits the giant mimic! You have no ammunition readied! d - 4 blessed +3 arrows (in quiver). You fill your quiver: d - 4 blessed +3 arrows (in quiver). You shoot 3 arrows. The 1st arrow hits the giant mimic! The 2nd arrow hits the giant mimic! The 3rd arrow hits the giant mimic! The giant mimic claws you! (2x) You die... Final status: Goodbye woodfighter the Ranger, killed by a giant mimic... You died in Sokoban on dungeon level 2 with 10650 points, and 0 pieces of gold, after 8613 moves. You were level 7 with a maximum of 40 hit points when you died.